General information
- name: Local Game (timg5strok)
- type: Custom game
- host: timg5strok
- saver: timg5strok
map: SecretValley
- players: 3
- length: 15:02
- speed: Fast
- version: 1.24 W3XP
- replay type: Public
» download(110 KB)
Players
team 1 (winner)
timg5strok (
gray | 179 APM | 2695 actions | 15:02)
3 Blademaster
1 Wind Walk
2 Critical Strike
4 Shadow Hunter
2 Hex
2 Healing Wave
» actions
| Assign group hotkey | 23 | |
| Basic commands | 28 | |
| Build / train | 51 | |
| Enter build submenu | 12 | |
| Enter hero's abilities submenu | 7 | |
| Give item / drop item | 2 | |
| Right click | 1237 | |
| Select / deselect | 236 | |
| Select group hotkey | 1006 | |
| Use ability | 93 | |
2695 total
» units
| Peon | 8 | |
| Grunt | 7 | |
| Raider | 5 | |
| Spirit Walker | 3 | |
| Kodo Beast | 1 | |
24 total
» upgrades
| Berserker Strength | 1 | |
| Pillage | 1 | |
| Ensnare | 1 | |
| Spirit Walker Training | 1 | |
| Melee Weapons | 1 | |
5 total
» buildings
| Altar of Storms | 1 | |
| Orc Burrow | 6 | |
| Barracks | 1 | |
| Stronghold | 1 | |
| Voodoo Lounge | 1 | |
| Spirit Lodge | 1 | |
| Beastiary | 1 | |
| War Mill | 1 | |
| Fortress | 1 | |
14 total
» build order
00:04 Altar of Storms
00:17 Orc Burrow
00:19 Orc Burrow
00:45 Barracks
01:28 Orc Burrow
02:49 Stronghold
02:55 Voodoo Lounge
04:05 Orc Burrow
05:10 Spirit Lodge
05:12 Beastiary
05:28 Orc Burrow
08:01 War Mill
11:29 Fortress
11:33 Orc Burrow
» items
| Boots of Speed | 2 | |
| Healing Salve | 2 | |
| Scroll of Speed | 2 | |
| Lesser Clarity Potion | 2 | |
| Potion of Healing | 1 | |
| Circlet of Nobility | 1 | |
| Orb of Lightning | 1 | |
11 total
team 2 (loser)
Asp_ (
green | 200 APM | 3000 actions | 15:00)
3 Blademaster
2 Wind Walk
1 Critical Strike
2 Shadow Hunter
1 Hex
1 Healing Wave
» actions
| Assign group hotkey | 24 | |
| Basic commands | 2 | |
| Build / train | 60 | |
| Enter build submenu | 22 | |
| Enter hero's abilities submenu | 5 | |
| Give item / drop item | 3 | |
| Right click | 1447 | |
| Select / deselect | 273 | |
| Select group hotkey | 1028 | |
| Use ability | 136 | |
3000 total
» units
| Peon | 12 | |
| Grunt | 8 | |
| Raider | 4 | |
| Spirit Walker | 4 | |
| Shaman | 1 | |
29 total
» upgrades
| Ensnare | 1 | |
| Berserker Strength | 1 | |
2 total
» buildings
| Altar of Storms | 1 | |
| Orc Burrow | 5 | |
| Barracks | 1 | |
| Voodoo Lounge | 1 | |
| Stronghold | 3 | |
| Beastiary | 3 | |
| Spirit Lodge | 3 | |
| War Mill | 2 | |
19 total
» build order
00:05 Altar of Storms
00:15 Orc Burrow
00:34 Barracks
01:37 Orc Burrow
01:52 Voodoo Lounge
02:56 Stronghold
02:56 Stronghold
02:56 Stronghold
04:09 Orc Burrow
05:18 Beastiary
05:29 Spirit Lodge
05:35 Beastiary
05:36 Spirit Lodge
06:37 Beastiary
07:15 Spirit Lodge
08:33 Orc Burrow
12:02 Orc Burrow
12:11 War Mill
12:18 War Mill
» items
| Dust of Appearance | 1 | |
| Boots of Speed | 5 | |
| Healing Salve | 3 | |
| Scroll of Speed | 2 | |
| Potion of Healing | 1 | |
| Lesser Clarity Potion | 2 | |
| Scroll of Healing | 2 | |
16 total
refereeswombat7373 Chat log
(00:09 / All) Asp_: gl hf
(00:14 / All) timg5strok: ahhhhhh!!!! critical!!!!!!!!!!! gg
(00:18 / All) Asp_: ??
(00:25 / All) timg5strok: was watching lyn vs fov
(00:29 / All) timg5strok: and crypt lord is tping
(00:32 / All) timg5strok: and dk has 600 hp
(00:41 / All) timg5strok: and lyn gets some lucky crits and kills dk before tp goes off
(00:48 / All) wombat7373: lol
(00:49 / All) timg5strok: now my rax is late
(00:50 / All) Asp_: did you see lucifron vs dowaq
(00:54 / All) timg5strok: no
(00:56 / All) timg5strok: i dont watch war3
(00:58 / All) timg5strok: boring as fuck
(01:01 / All) Asp_: lol
(01:04 / All) Asp_: lucifron got like
(01:06 / All) Asp_: 5 claws
(01:07 / All) timg5strok: starcraft is so much better
(01:08 / All) Asp_: critting for 400
(01:36 / All) wombat7373: i like playing on monsoon
(01:43 / All) wombat7373: and getting crown of kings on my blademaster
(01:46 / All) timg5strok: its an ok map
(01:55 / All) wombat7373: i like it cuz of the crown of kings
(02:34 / All) timg5strok: playing with 0 ping is very hard
(02:38 / All) Asp_: why is this
(02:40 / All) timg5strok: seriously
(02:45 / All) timg5strok: so used to having slight lag
(02:46 / All) timg5strok: i misclick
(03:17 / All) timg5strok: yeah see
(03:22 / All) timg5strok: i dont remember to creep the well
(03:26 / All) timg5strok: or even what creep to kill
(03:59 / All) timg5strok: eat a dick!!
(04:03 / All) Asp_: lol
(05:08 / All) wombat7373: im gonna watch a replay of kevin owning me and then play on bnet i think
(06:38 / All) timg5strok: you ever click windwalk
(06:39 / All) timg5strok: and it jsut
(06:43 / All) timg5strok: dont want to go
(06:53 / All) Asp_: lo
(07:53 / All) wombat7373: i kinda wanna batmaster in rt now
(08:04 / All) Asp_: batmaster is great
(08:19 / All) wombat7373: blademaster is addictive
(09:51 / All) Asp_: man i'm playing like shit this game
(09:59 / All) Asp_: 1200 gold
(12:27 / All) wombat7373: gold rush is another good blademaster map
(14:55 / All) Asp_: yeah we have to play another time less late
(14:57 / All) Asp_: gg
(14:59 / All) timg5strok: gg